Map: [ESL] Gresvan

Players

Lambo - Winner!

  • Race: Zerg Zerg
  • Spawn Location: 5:00

Elazer

  • Race: Zerg Zerg
  • Spawn Location: 11:00

Event: ESL SC2 Masters 2023 Summer (Regionals)

VOD

Have the link to the VOD?

Description

Time

  • Played on: May 28, 2023, 6:10 a.m.
  • Length: 9:00

All games in this series

Show
View Real Time Build Order
Export as new Build Order

Lambo Zerg - Winner!

Build Orders: Hatch First 

Get SALT Encoding   

  12  0:00  Drone  
  13  0:12  Overlord  
  13  0:17  Drone  
  14  0:30  Drone x2  
  16  0:47  Hatchery  
  15  0:50  Drone  
  15  0:54  Drone  
  15  0:57  Drone  
  18  1:07  Extractor  
  17  1:12  Spawning Pool  
  17  1:15  Drone  
  18  1:18  Drone  
  18  1:27  Drone  
  19  1:39  Drone  
  20  1:50  Drone  
  21  2:00  Drone, Queen x2  
  26  2:01  Zergling x2  
  26  2:07  Metabolic Boost  
  27  2:10  Overlord  
  27  2:11  Drone  
  28  2:28  Drone x2  
  30  2:31  Drone  
  30  2:32  Drone  
  32  2:39  Hatchery  
  31  2:45  Drone, Baneling Nest  
  31  2:49  Overlord  
  31  2:53  Zergling x2  
  31  2:55  Zergling x2  
  33  3:00  Queen  
  33  3:05  Drone  
  36  3:10  Drone x3  
  39  3:13  Drone  
  39  3:14  Zergling x2  
  39  3:18  Overlord  
  41  3:21  Drone  
  42  3:30  Drone x2  
  42  3:33  Baneling  
  42  3:34  Evolution Chamber  
  43  3:35  Drone  
  44  3:43  Drone x6  
  44  3:44  Drone  
  44  3:46  Drone  
  52  3:49  Extractor  
  52  3:52  Overlord  
  51  3:56  Overlord  
  51  4:00  Drone x2  
  51  4:02  Drone  
  54  4:07  Zerg Missile Weapons Level 1  
  54  4:10  Roach Warren  
  54  4:11  Drone x2  
  54  4:14  Overlord  
  54  4:15  Drone  
  55  4:18  Drone x2  
  55  4:21  Overlord  
  57  4:27  Overlord  
  57  4:29  Extractor  
  56  4:32  Zergling x8  
  60  4:41  Drone x2  
  60  4:44  Lair  
  61  4:47  Overlord  
  61  4:51  Roach x5  
  71  4:56  Roach x3  
  77  5:00  Roach  
  79  5:09  Drone x2  
  79  5:13  Drone x6  
  86  5:18  Baneling x2  
  87  5:21  Drone x5  
  87  5:22  Drone  
  87  5:25  Drone x2  
  87  5:27  Extractor  
  93  5:28  Roach  
  94  5:41  Drone x2  
  94  5:42  Drone, Overlord  
  96  5:48  Roach  
  96  5:49  Roach x3  
  103  5:51  Queen  
  103  5:52  Queen  
  105  5:59  Queen  
  105  6:02  Extractor  
  105  6:03  Extractor  
  103  6:05  Overlord  
  103  6:08  Roach x2  
  107  6:11  Drone x2  
  107  6:12  Spire  
  107  6:16  Glial Reconstitution  
  108  6:18  Spore Crawler  
  108  6:20  Spore Crawler  
  108  6:22  Drone x2  
  108  6:27  Queen x2  
  108  6:29  Spore Crawler  
  108  6:31  Drone x3  
  108  6:32  Drone x2  
  116  6:35  Overlord x2  
  118  6:40  Spore Crawler  
  117  6:47  Overlord x2  
  117  6:48  Overlord  
  117  6:53  Overlord  
  117  7:02  Overlord, Spore Crawler  
  118  7:10  Overlord  
  118  7:11  Overlord  
  118  7:12  Overlord  
  114  7:28  Corruptor x9  
  132  7:38  Corruptor x2  
  132  7:42  Corruptor x2  
  140  7:46  Corruptor  
  140  7:49  Roach  
  144  8:03  Roach x9  
  162  8:08  Roach x2  
  166  8:15  Roach x5  
  176  8:20  Roach  
  176  8:21  Overlord x2  
  178  8:40  Roach x10  
Show
View Real Time Build Order
Export as new Build Order

Elazer Zerg 

Build Orders: Hatch First 

Get SALT Encoding   

  12  0:00  Drone  
  13  0:12  Overlord  
  13  0:17  Drone  
  14  0:30  Drone x2  
  16  0:48  Hatchery  
  15  0:51  Drone  
  15  0:55  Drone  
  17  0:57  Drone  
  18  1:10  Extractor  
  17  1:13  Spawning Pool  
  17  1:16  Drone  
  17  1:19  Drone  
  18  1:27  Drone  
  19  1:38  Drone  
  20  1:49  Drone  
  21  1:59  Queen x2  
  21  2:00  Zergling x2  
  26  2:03  Overlord  
  26  2:10  Drone x2  
  26  2:11  Metabolic Boost  
  28  2:22  Drone x2  
  30  2:34  Hatchery  
  30  2:36  Drone  
  30  2:38  Drone  
  31  2:45  Baneling Nest  
  31  2:47  Drone  
  31  2:51  Overlord  
  31  2:54  Drone  
  31  2:56  Drone  
  33  3:08  Drone x3  
  33  3:09  Drone  
  33  3:12  Queen  
  37  3:14  Zergling x2  
  37  3:17  Zergling x2  
  41  3:21  Zergling x4  
  41  3:23  Zergling x2  
  44  3:27  Overlord  
  43  3:45  Drone x8  
  51  3:49  Lair  
  51  3:53  Drone x3  
  54  3:58  Drone x3  
  57  4:05  Extractor  
  57  4:06  Extractor  
  57  4:07  Drone  
  56  4:12  Extractor  
  56  4:15  Evolution Chamber  
  56  4:16  Zergling x4  
  56  4:19  Drone x2  
  56  4:22  Overlord  
  58  4:27  Overlord  
  58  4:34  Overlord  
  58  4:40  Drone x3  
  58  4:41  Drone  
  58  4:42  Drone  
  58  4:43  Drone  
  58  4:44  Drone x2  
  65  4:47  Zerg Melee Weapons Level 1  
  65  4:48  Spire  
  65  4:51  Baneling  
  65  4:52  Baneling  
  64  4:53  Zergling x12  
  70  5:03  Zergling x2  
  70  5:05  Drone x6  
  77  5:15  Extractor x2  
  77  5:18  Spine Crawler  
  77  5:19  Spine Crawler x2  
  77  5:20  Spine Crawler  
  77  5:21  Spine Crawler  
  71  5:24  Spine Crawler  
  71  5:26  Spine Crawler  
  69  5:33  Zergling x16  
  74  5:43  Overlord  
  67  6:01  Mutalisk x7  
  77  6:04  Extractor  
  77  6:05  Extractor  
  77  6:07  Zerg Flyer Weapons Level 1  
  77  6:10  Drone x4  
  79  6:12  Drone  
  79  6:14  Drone  
  79  6:18  Drone  
  82  6:26  Mutalisk x2  
  82  6:28  Drone  
  82  6:31  Drone  
  88  6:34  Drone  
  90  6:40  Drone  
  90  6:41  Zerg Melee Weapons Level 2  
  90  6:43  Overlord  
  90  6:45  Hatchery  
  89  6:48  Overlord  
  89  6:50  Centrifugal Hooks, Drone  
  90  7:01  Overlord x2  
  90  7:02  Drone x8  
  98  7:12  Zergling x4  
  100  7:17  Zergling x4  
  100  7:18  Zergling x6  
  105  7:26  Drone x2  
  105  7:29  Roach Warren  
  104  7:31  Infestation Pit  
  104  7:33  Drone x3  
  104  7:34  Drone x3  
  104  7:36  Drone  
  111  7:38  Queen  
  111  7:40  Drone  
  111  7:43  Drone  
  115  7:45  Extractor, Drone x3  
  115  7:49  Extractor  
  116  8:07  Mutalisk x6  
  116  8:09  Overlord x2  
  128  8:13  Overlord x2  
  128  8:14  Overlord  
  128  8:31  Mutalisk x9  
  128  8:33  Mutalisk  
  134  8:39  Zergling x8  
Tags
 
Add a new tag
Caveats
  • Supply blocks, unpowered buildings, or Contaminate may cause inaccurate times.
  • Supply counts are checked every 10 seconds.